 Dungeon Crawl Stone Soup version 0.22.1-1-ga44c0e5 (webtiles) character file.

9782 Fang the Cleaver (level 11, -4/71 HPs)
             Began as a Gargoyle Berserker on Oct 5, 2018.
             Was a High Priest of Trog.
             Slain by a 20-headed hydra (7 damage)
             ... on level 11 of the Dungeon.
             The game lasted 00:17:00 (10613 turns).

Fang the Cleaver (Gargoyle Berserker)              Turns: 10613, Time: 00:17:01

Health: -4/71      AC: 29    Str: 27    XL:     11   Next: 51%
Magic:  11/11      EV:  9    Int:  9    God:    Trog [*****.]
Gold:   630        SH:  0    Dex:  9    Spells: 10/10 levels left

rFire    + . .     SeeInvis .   w - +3 hand axe (pain)
rCold    + . .     Gourm    .   (no shield)
rNeg     + . .     Faith    .   r - +7 plate armour
rPois    ∞         Spirit   .   (no helmet)
rElec    +         Reflect  .   x - scarf {rC+ rF+}
rCorr    +         Harm     .   (no gloves)
MR       .....                  (no boots)
Stlth    ..........             (no amulet)
HPRegen  0.21/turn              y - +4 ring of strength
MPRegen  0.12/turn              g - ring of resist corrosion

@: berserk cooldown, hasted and slowed
A: negative energy resistance 1, electricity resistance, unbreathing,
petrification resistance, rot immunity, AC +8
a: Berserk, Trog's Hand, Brothers in Arms, Renounce Religion


You were on level 11 of the Dungeon.
You worshipped Trog.
Trog was extremely pleased with you.
You were very hungry.

You visited 2 branches of the dungeon, and saw 12 of its levels.

You collected 630 gold pieces.

Inventory:

Hand Weapons
 a - a +0 hand axe
 p - a +0 trident
 w - a +3 hand axe of pain (weapon)
Armour
 r - a +7 plate armour (worn)
 x - a scarf of resistance (worn)
Jewellery
 g - a ring of resist corrosion (right hand)
 y - a +4 ring of strength (left hand)
Wands
 i - a wand of polymorph (23)
 m - a wand of flame (29)
 q - a wand of enslavement (2)
 s - a wand of paralysis (21)
 z - a wand of random effects (50)
 A - a wand of disintegration (10)
Scrolls
 f - 3 scrolls of remove curse
 j - a scroll of teleportation
 l - 3 scrolls of fear
 o - a scroll of identify
Potions
 b - 3 potions of berserk rage {unknown}
 d - a potion of cancellation
 e - 2 potions of curing {unknown}
 h - 4 potions of heal wounds {unknown}
 k - 2 potions of lignification
 n - 2 potions of haste
 t - a potion of brilliance {unknown}
 u - 2 potions of agility {unknown}
 v - 2 potions of mutation {unknown}
Comestibles
 c - 27 rations


   Skills:
 + Level 9.4 Fighting
 + Level 11.8(11.9) Axes
 + Level 0.7(7.7) Polearms
 + Level 9.4 Armour
 + Level 3.4 Dodging
 + Level 2.3 Stealth


You had 10 spell levels left.
You didn't know any spells.
Your spell library was empty.

Dungeon Overview and Level Annotations

Branches:
Dungeon (11/15)            Temple (1/1) D:6
   Lair: D:8-11         Orc: D:9-12

Altars:
Dithmenos
Elyvilon
Fedhas
Kikubaaqudgha
Makhleb
Qazlal
Sif Muna
Uskayaw
Vehumet
Wu Jian
Xom
Yredelemnul
The Shining One

Shops:
D:8 [   D:9 =

Annotations:
D:9 1 runed door, gery900's ghost, novice MiBe


Innate Abilities, Weirdness & Mutations

You are resistant to torment.
Your stone body is resilient. (AC +8)
You are immune to poison.
You resist negative energy. (rN+)
You are resistant to electric shocks. (rElec)
You can survive without breathing.
You are immune to petrification.
You are immune to rotting.


Message History

* * * LOW HITPOINT WARNING * * *
The 20-headed hydra bites you.
* * * LOW HITPOINT WARNING * * *
The 20-headed hydra bites you but does no damage.
The 20-headed hydra barely misses you.
The 20-headed hydra bites you but does no damage.
The 20-headed hydra barely misses you.
The 20-headed hydra bites you but does no damage.
The 20-headed hydra barely misses you.
You feel yourself speed up. The 20-headed hydra closely misses you.
The 20-headed hydra bites you.
* * * LOW HITPOINT WARNING * * *
The 20-headed hydra barely misses you. The 20-headed hydra bites you.
* * * LOW HITPOINT WARNING * * *
The 20-headed hydra bites you but does no damage.
The 20-headed hydra bites you.
* * * LOW HITPOINT WARNING * * *
The 20-headed hydra bites you but does no damage. x2
The 20-headed hydra bites you!
You die...

#.........####.
.#.........#
(...>......#
##.........#
#.........#
######.#### #.#
###'####
#.>.@†.#
#...D..#
#......#
+......+
#.....!#
#......#
#......#
#......#


You could see a 20-headed hydra.

Vanquished Creatures
  2 two-headed ogres
  Pikel (D:9)
  A centaur zombie (D:10)
  Joseph (D:8)
  Prince Ribbit (D:8)
  6 hippogriffs
  A spriggan (D:7)
  Sigmund (D:6)
  3 hungry ghosts
  2 porcupines
  A water moccasin (D:10)
  5 orc warriors
  A sky beast (D:9)
  4 ice beasts
  2 slaves (D:9)
  3 black bears
  2 ogres
  A phantom (D:7)
  An eye of draining (D:11)
  6 centaurs
  A crocodile (D:10)
  A big kobold (D:9)
  6 bullfrogs
  A water moccasin zombie (D:9)
  2 scorpions
  14 killer bees
  3 wights (D:8)
  2 howler monkeys
  4 crimson imps
  A quasit (D:10)
  4 jellies
  A centaur skeleton (D:4)
  12 orc priests
  4 hounds
  A bullfrog skeleton (D:10)
  A gnoll shaman (D:7)
  An iguana (D:7)
  11 orc wizards
  4 worker ants
  A killer bee zombie (D:9)
  A hound skeleton (D:4)
  A worker ant zombie (D:6)
  5 gnolls
  11 adders
  2 shadow imps (D:6)
  An ooze (D:3)
  3 adder skeletons
  2 worms
  4 dart slugs
  7 leopard geckos
  38 orcs
  8 giant cockroaches
  A goblin (D:2)
  10 hobgoblins
  17 jackals
  12 kobolds
  4 quokkas
  2 ball pythons
  5 bats
  5 frilled lizards
  6 rats
  4 fungi (D:11)
269 creatures vanquished.

Vanquished Creatures (others)
  A fungus (D:11)
  A plant (D:11)
2 creatures vanquished.

Grand Total: 271 creatures vanquished

Notes
Turn   | Place    | Note
-------+----------+-------------------------------------------
     0 | D:1      | Fang the Gargoyle Berserker began the quest for the Orb.
     0 | D:1      | Reached XP level 1. HP: 14/14 MP: 1/1
    57 | D:1      | Reached XP level 2. HP: 14/19 MP: 2/2
   169 | D:1      | Reached skill level 3 in Axes
   309 | D:1      | Reached XP level 3. HP: 24/24 MP: 3/3
   962 | D:2      | Reached ** piety under Trog
  1443 | D:2      | Reached XP level 4. HP: 29/29 MP: 4/4
  1543 | D:2      | Reached skill level 1 in Stealth
  2319 | D:3      | Reached skill level 4 in Axes
  2332 | D:3      | Found a deep blue altar of Sif Muna.
  2337 | D:3      | Found an ornate altar of the Wu Jian Council.
  2337 | D:3      | Found a blossoming altar of Fedhas.
  2337 | D:3      | Found a burning altar of Makhleb.
  2346 | D:3      | Reached XP level 5. HP: 33/33 MP: 5/5
  3167 | D:5      | Entered Level 5 of the Dungeon
  3184 | D:5      | Reached XP level 6. HP: 39/39 MP: 6/6
  3236 | D:5      | Reached *** piety under Trog
  3290 | D:5      | Noticed an ice beast
  3302 | D:5      | Killed an ice beast
  3302 | D:5      | Reached skill level 5 in Axes
  3302 | D:5      | Reached XP level 7. HP: 12/44 MP: 7/7
  3305 | D:5      | Reached skill level 5 in Fighting
  3678 | D:5      | HP: 1/44 [orc wizard/dagger (2)]
  4326 | D:6      | Reached skill level 6 in Axes
  4646 | D:6      | Found a staircase to the Ecumenical Temple.
  4674 | D:6      | Reached **** piety under Trog
  4863 | Temple   | Entered the Ecumenical Temple
  4958 | D:6      | Noticed Sigmund
  4970 | D:6      | Killed Sigmund
  4970 | D:6      | Reached XP level 8. HP: 50/50 MP: 8/8
  5341 | D:7      | Reached skill level 7 in Axes
  5344 | D:7      | Reached skill level 5 in Armour
  5505 | D:7      | Found a basalt altar of Yredelemnul.
  5716 | D:7      | Reached XP level 9. HP: 48/55 MP: 9/9
  5732 | D:7      | Reached skill level 8 in Axes
  6286 | D:7      | Reached ***** piety under Trog
  6631 | D:8      | Reached skill level 9 in Axes
  6805 | D:8      | Found Daefonir's Antique Armour Boutique.
  6856 | D:8      | Noticed Prince Ribbit
  6862 | D:8      | Killed Prince Ribbit
  6862 | D:8      | Reached XP level 10. HP: 64/64 MP: 10/10
  6907 | D:8      | Noticed a two-headed ogre
  6919 | D:8      | Killed a two-headed ogre
  7241 | D:8      | Paralysed by fainting for 6 turns
  7259 | D:8      | Received a gift from Trog
  7542 | D:8      | Reached skill level 10 in Axes
  7764 | D:8      | Found a deep blue altar of Sif Muna.
  8292 | D:8      | Noticed Joseph
  8317 | D:8      | Killed Joseph
  8370 | D:9      | Noticed Pikel
  8381 | D:9      | Killed Pikel
  8898 | D:9      | Noticed a two-headed ogre
  8905 | D:9      | Killed a two-headed ogre
  8905 | D:9      | Reached skill level 11 in Axes
  8905 | D:9      | Reached XP level 11. HP: 71/71 MP: 11/11
  9131 | D:9      | Found a runed door.
  9135 | D:9      | Noticed gery900's ghost (novice MiBe)
  9251 | D:9      | Found Dottua's Jewellery Shoppe.
  9321 | D:10     | Entered Level 10 of the Dungeon
 10582 | D:11     | Noticed a four-headed hydra
 10613 | D:11     | HP: 3/71 [20-headed hydra (2)]
 10613 | D:11     | Slain by a 20-headed hydra

Skill      XL: |  1  2  3  4  5  6  7  8  9 10 |
---------------+-------------------------------+-----
Axes           | 3 4 5 6 7 9 11 | 11.8
Dodging        | 2 3 |  3.4
Stealth        | 1 2 |  2.3
Fighting       | 4 5 6 7 9 |  9.4
Armour         | 4 5 7 9 |  9.4
Polearms       | |  0.7

Action                   |  1- 3 |  4- 6 |  7- 9 | 10-12 || total
-------------------------+-------+-------+-------+-------++-------
Melee: Hand axe          |    97 |   237 |   425 |   423 ||  1182
       Trident           |       |       |       |    11 ||    11
Invok: Berserk           |     1 |     1 |    10 |     6 ||    18
  Use: Scroll            |       |       |    15 |     6 ||    21
       Potion            |       |       |       |     2 ||     2
 Stab: Sleeping          |     1 |     1 |       |       ||     2
  Eat: Chunk             |     2 |     7 |    21 |    17 ||    47
       Ration            |       |       |     2 |     1 ||     3
Armor: Animal skin       |    28 |    32 |       |       ||    60
       Plate armour      |       |   105 |   372 |   474 ||   951
Dodge: Dodged            |    63 |   164 |   222 |   240 ||   689
